 Dungeon Crawl Stone Soup version 0.20-b1-2-gc5a9893 (webtiles) character file.

88636 Monsterracer the Brawler (level 15, -9/152 HPs)
             Began as a Troll Monk on May 21, 2017.
             Was a High Priest of Ru.
             Mangled by a white very ugly thing (41 damage)
             ... on level 12 of the Dungeon.
             The game lasted 00:51:42 (17620 turns).

Monsterracer the Brawler (Troll Monk)              Turns: 17620, Time: 00:51:43

Health: -9/152     AC:  6    Str: 23    XL:     15   Next: 47%
Magic:  6/12       EV: 17    Int:  6    God:    Ru [*****.]
Gold:   985        SH:  0    Dex: 19    Spells: 14/14 levels left

rFire    . . .     SeeInvis .     - Unarmed
rCold    . . .     Gourm    +   (shield unavailable)
rNeg     . . .     Faith    .   L - +0 acid dragon scales
rPois    +         Spirit   .   (helmet restricted)
rElec    .         Reflect  .   M - +0 cloak
rCorr    +         Harm     .   (gloves unavailable)
MR       ++...                  (boots unavailable)
Stlth    ..........             t - amulet of rage
Regen    0.8/turn               (ring unavailable)
MPRegen  0.2/turn               d - +2 ring of slaying

@: exhausted, no potions, corroded, drained
A: unfitting armour, claws 3, agile 1, fast metabolism 3, gourmand, low mp 1,
magic resistance 1, poison resistance, regeneration 1, shaggy fur 1, tough skin
2, inability to drink while threatened, missing a hand, no stealth, no ice
magic, no necromancy magic, no summoning magic
a: Draw Out Power, Power Leap, Apocalypse, Renounce Religion, Evoke Berserk Rage


You were on level 12 of the Dungeon.
You worshipped Ru.
Ru was extremely pleased with you.
You were completely stuffed.

You visited 2 branches of the dungeon, and saw 18 of its levels.
You also visited: Labyrinth and Volcano.

You collected 1201 gold pieces.
You spent 216 gold pieces at shops.

Inventory:

Missiles
 c - 4 tomahawks of returning (quivered)
 J - 8 large rocks
 N - 8 javelins
Armour
 g - a scarf of repulsion
 L - +0 acid dragon scales (worn)
 M - a +0 cloak (worn)
Jewellery
 d - a +2 ring of slaying (right claw)
 r - an uncursed ring of resist corrosion
 t - an amulet of rage (around neck)
 C - an uncursed ring of poison resistance
 H - an uncursed ring of see invisible
Wands
 e - a wand of lightning (7/15)
 n - a wand of acid (13/15)
 s - a wand of acid (12/15)
 v - a wand of acid (5/15)
 z - a wand of digging (23/24)
 A - a wand of iceblast (7/15)
 B - a wand of digging (12/24)
 O - a wand of lightning (11/15)
 P - a wand of iceblast (11/15)
Scrolls
 a - 2 scrolls of fog
 h - 16 scrolls of teleportation
 j - 2 scrolls of blinking
 k - 9 scrolls of identify
 o - 8 scrolls of remove curse
 q - 2 scrolls of fear
 y - 2 scrolls of magic mapping
 I - 2 scrolls of amnesia
Potions
 f - 2 potions of mutation
 l - 9 potions of curing
 p - 2 potions of haste
 u - 2 potions of resistance
 x - a potion of heal wounds
 D - 4 potions of brilliance
 E - 4 potions of might
 F - a potion of cancellation
 K - 2 potions of agility
 Q - 2 potions of berserk rage
Comestibles
 b - 14 bread rations
 i - 8 royal jellies
 m - 13 meat rations
 w - 17 fruits


   Skills:
 + Level 10.5(9.9) Fighting
 + Level 9.8(9.3) Throwing
 + Level 1.2(0.8) Armour
 + Level 10.8(10.2) Dodging
 * Level 17.4(16.7) Unarmed Combat


You had 14 spell levels left.
You didn't know any spells.

Dungeon Overview and Level Annotations

Branches:
Dungeon (12/15)            Temple (0/1) D:5            Lair (6/6) D:11
 Shoals (0/4) Lair:4        Snake (0/4) Lair:2        Slime (0/5) Lair:6
    Orc (0/2) D:12

Altars:
Dithmenos
Fedhas
Gozag
Makhleb
Qazlal
Ru
Sif Muna
Uskayaw
Vehumet
Xom
Yredelemnul

Shops:
D:10 :   D:11 [


Innate Abilities, Weirdness & Mutations

You are too large for most types of armour.
You have claws for hands.
Your metabolism is lightning-fast.
You like to eat raw meat.
Your magical capacity is low. (-10% MP)
Your natural rate of healing is unusually fast.
You are covered in fur. (AC +1)
You have very tough skin. (AC +2)
You cannot drink potions while threatened.
You are missing a hand.
You cannot be stealthy.
You cannot study or cast Ice magic.
You cannot study or cast Necromancy magic.
You cannot study or cast Summoning magic.
You are agile. (Dex +2)
You are resistant to hostile enchantments. (MR+)
Your system is resistant to poisons. (rPois)


Message History

You claw the tengu reaver!
The tengu reaver is moderately wounded.
The tengu reaver begins to cast a spell, but is stunned by your will!
You mangle the tengu reaver!!
The tengu reaver is heavily wounded.
The tengu reaver gestures at you while chanting.
The bolt of acid hits you! You resist.
* * * LOW HITPOINT WARNING * * *
The acid corrodes you!
You are splashed with acid!
The acid burns!
You resist.
* * * LOW HITPOINT WARNING * * *
You eviscerate the tengu reaver!!!
You kill the tengu reaver!
You scratch the white very ugly thing but do no damage.
You scratch the white very ugly thing.
The white very ugly thing is lightly wounded.
The white very ugly thing headbutts you.
* * * LOW HITPOINT WARNING * * *
The white very ugly thing freezes you!!!
You feel threatened and lose the ability to drink potions!
You die...

# #.# # ##)## #
##...## # #.....# #
##...## # ##...## #
###.....### #
#####.).......# #
#...@u.......... #
#.......)...........
#
#............)......
#
....................
#
#.................[
# #.................
# ##................
# ######......... #


You could see a white very ugly thing.

Vanquished Creatures
  Rupert (Lair:6)
  2 tengu reavers (D:12)
  A fire giant (D:12)
  A stone giant (Volcano)
  The ghost of graki42 the Basher, a journeyman OgBe of Trog (D:8)
  A minotaur (Lab)
  3 hydras
  The ghost of Onaxys the Fighter, a novice OgBe of Trog (D:7)
  An ice dragon (Lair:1)
  4 catoblepae
  A death knight (D:12)
  10 death yaks (Lair:6)
  3 two-headed ogres
  A queen ant (Lair:2)
  Nergalle (Lair:2)
  An obsidian statue (Volcano)
  A lindwurm (Lair:4)
  2 oklob plants
  An ugly thing (D:12)
  A slime creature (D:12)
  3 manticores
  3 black mambas
  15 elephants
  2 molten gargoyles (Lair:3)
  2 gargoyles
  10 spiny frogs
  4 centaur skeletons
  7 komodo dragons
  2 torpor snails
  An efreet (Volcano)
  A troll (D:10)
  8 hippogriffs
  17 blink frogs
  5 dream sheep (Lair:6)
  3 shadows
  Sigmund (D:6)
  A human (D:8)
  3 basilisks
  3 hogs (D:8)
  4 fire bats (Volcano)
  A wraith (D:12)
  60 yaks
  A hungry ghost (D:7)
  An acid dragon (D:12)
  6 soldier ants (Lair:2)
  4 porcupines
  13 water moccasins
  A hornet zombie (D:9)
  2 ice beasts
  8 orc warriors
  3 sky beasts
  3 black bears
  2 necrophages
  4 ogres
  2 wolves (Lair:6)
  2 phantoms
  3 centaurs
  9 crocodiles
  2 big kobolds
  16 bullfrogs
  A gnoll sergeant (D:7)
  2 earth elementals (Volcano)
  2 wyvern zombies
  A scorpion (D:10)
  5 killer bees (D:9)
  4 wights (D:7)
  2 electric eels
  2 howler monkeys (D:11)
  A bullfrog zombie (D:10)
  4 crimson imps
  11 lava snakes
  2 quasits
  9 jellies
  5 hounds
  10 orc priests
  3 bullfrog skeletons
  4 iguanas
  8 orc wizards
  18 worker ants
  A hound zombie (D:6)
  2 hound skeletons
  A howler monkey skeleton (D:4)
  4 gnolls (D:7)
  14 adders
  3 shadow imps
  5 oozes
  A worm (D:2)
  3 dart slugs
  6 leopard geckos
  41 orcs
  2 ball pythons
  7 giant cockroaches
  8 goblins
  6 hobgoblins
  6 jackals
  3 quokkas
  10 bats
  6 frilled lizards
  7 kobolds
  A leopard gecko skeleton (D:4)
  2 quokka skeletons
  8 rats
  11 fungi
  5 plants
533 creatures vanquished.

Vanquished Creatures (others)
  2 death yaks (Lair:6)
  A blink frog (Lair:5)
  A yak (Lair:5)
  A wolf (Lair:6)
  A howler monkey (D:11)
  12 fungi
  8 plants
26 creatures vanquished.

Grand Total: 559 creatures vanquished

Notes
Turn   | Place    | Note
-------+----------+-------------------------------------------
     0 | D:1      | Monsterracer the Troll Monk began the quest for the Orb.
     0 | D:1      | Reached XP level 1. HP: 22/22 MP: 0/0
   204 | D:1      | Reached XP level 2. HP: 29/29 MP: 1/1
   327 | D:1      | Reached skill level 4 in Unarmed Combat
   472 | D:1      | Reached XP level 3. HP: 36/36 MP: 2/2
   749 | D:2      | Noticed a hand axe
   752 | D:2      | Noticed a dagger
   753 | D:2      | Found a hide-covered altar of Uskayaw.
   934 | D:2      | Reached XP level 4. HP: 44/44 MP: 3/3
   947 | D:2      | Found a radiant altar of Vehumet.
  1026 | D:2      | Reached skill level 5 in Unarmed Combat
  1294 | D:3      | Found a sacrificial altar of Ru.
  1347 | D:3      | Became a worshipper of Ru the Awakened
  1714 | D:3      | Found a basalt altar of Yredelemnul.
  1902 | D:4      | Noticed a big kobold
  1909 | D:4      | Killed a big kobold
  1909 | D:4      | Reached skill level 6 in Unarmed Combat
  1909 | D:4      | Reached XP level 5. HP: 50/50 MP: 4/4
  2072 | D:4      | Got an ancient robe
  2083 | D:4      | Identified the +3 robe "Raifroff" {Int+5} (You found it on level 4 of the Dungeon)
  2282 | D:4      | Noticed an ogre
  2290 | D:4      | Killed an ogre
  2290 | D:4      | Reached XP level 6. HP: 45/59 MP: 5/5
  2715 | D:5      | Entered Level 5 of the Dungeon
  2818 | D:5      | Reached skill level 7 in Unarmed Combat
  2879 | D:5      | Reached XP level 7. HP: 65/67 MP: 6/6
  3026 | D:5      | Found a staircase to the Ecumenical Temple.
  3051 | D:5      | Reached skill level 8 in Unarmed Combat
  3154 | D:5      | Found an opulent altar of Gozag.
  3382 | D:6      | Reached XP level 8. HP: 77/78 MP: 7/7
  3524 | D:6      | Noticed Sigmund
  3535 | D:6      | Killed Sigmund
  3535 | D:6      | Reached skill level 9 in Unarmed Combat
  4351 | D:7      | Reached XP level 9. HP: 70/87 MP: 8/8
  4430 | D:7      | Reached skill level 5 in Dodging
  4430 | D:7      | Reached skill level 10 in Unarmed Combat
  4452 | D:7      | Reached skill level 5 in Fighting
  4512 | D:7      | Noticed Onaxys's ghost (novice OgBe)
  4531 | D:7      | Killed Onaxys's ghost
  5034 | D:7      | Reached skill level 11 in Unarmed Combat
  5283 | D:8      | Reached XP level 10. HP: 64/98 MP: 9/9
  5410 | D:8      | Noticed a two-headed ogre
  5417 | D:8      | Killed a two-headed ogre
  5465 | D:8      | Noticed graki42's ghost (journeyman OgBe)
  5848 | D:8      | Killed graki42's ghost
  5848 | D:8      | Reached skill level 12 in Unarmed Combat
  5902 | D:8      | Gained mutation: You cannot drink potions while threatened. [Ru sacrifice]
  5902 | D:8      | Reached * piety under Ru
  5938 | D:8      | Found a blossoming altar of Fedhas.
  5943 | D:8      | Found a shadowy altar of Dithmenos.
  5947 | D:8      | Found a shimmering altar of Xom.
  5947 | D:8      | Found a stormy altar of Qazlal.
  5971 | D:8      | Found a burning altar of Makhleb.
  6153 | D:8      | Noticed a two-headed ogre
  6167 | D:8      | Killed a two-headed ogre
  6434 | D:8      | Identified the Handbook of Destructive Flight
  6893 | D:9      | Reached XP level 11. HP: 103/109 MP: 10/10
  7016 | D:9      | Found a sacrificial altar of Ru.
  7085 | D:9      | Found a deep blue altar of Sif Muna.
  7203 | D:9      | Reached skill level 13 in Unarmed Combat
  7342 | D:9      | Gained mutation: You are missing a hand. [Ru sacrifice]
  7342 | D:9      | Reached ** piety under Ru
  7342 | D:9      | Reached *** piety under Ru
  7342 | D:9      | Reached **** piety under Ru
  7465 | D:10     | Entered Level 10 of the Dungeon
  7810 | D:10     | Gained mutation: You are resistant to hostile enchantments. (MR+) [potion of mutation]
  7810 | D:10     | Gained mutation: Your system is resistant to poisons. (rPois) [potion of mutation]
  7810 | D:10     | Gained mutation: You are agile. (Dex +2) [potion of mutation]
  8070 | D:10     | Found Xatuenn's Book Shop.
  8376 | D:11     | Found Fosm's Antique Armour Emporium.
  8384 | D:11     | Bought a bloodstained robe for 216 gold pieces
  8394 | D:11     | Identified the +1 robe of the Sun {Int+2} (You bought it in a shop on level 11 of the Dungeon)
  8666 | D:11     | Gained mutation: You cannot study or cast Ice magic. [Ru sacrifice]
  8666 | D:11     | Gained mutation: You cannot study or cast Necromancy magic. [Ru sacrifice]
  8666 | D:11     | Gained mutation: You cannot study or cast Summoning magic. [Ru sacrifice]
  8666 | D:11     | Reached ***** piety under Ru
  9010 | D:11     | Found a staircase to the Lair.
  9304 | Lair:1   | Entered Level 1 of the Lair of Beasts
  9499 | Lair:1   | Reached skill level 1 in Throwing
  9959 | Lair:1   | Noticed an ice dragon
  9979 | Lair:1   | Killed an ice dragon
  9979 | Lair:1   | Reached skill level 14 in Unarmed Combat
 10320 | Lair:2   | Noticed a queen ant
 10334 | Lair:2   | Killed a queen ant
 10334 | Lair:2   | Reached XP level 12. HP: 110/119 MP: 11/11
 10544 | Lair:2   | Found a staircase to the Snake Pit.
 10687 | Lair:2   | Noticed Nergalle
 10700 | Lair:2   | Killed Nergalle
 11236 | Lair:3   | Found a labyrinth entrance.
 11261 | Lab      | Entered a labyrinth
 11468 | Lab      | Noticed a minotaur
 11476 | Lab      | Killed a minotaur
 11638 | Lair:3   | Noticed an eight-headed hydra
 11644 | Lair:3   | Killed an eight-headed hydra
 12807 | Lair:4   | Reached skill level 15 in Unarmed Combat
 13052 | Lair:3   | Noticed a catoblepas
 13058 | Lair:3   | Killed a catoblepas
 13290 | Lair:4   | Found a staircase to the Shoals.
 13891 | Lair:5   | Noticed a six-headed hydra
 13896 | Lair:5   | Killed a six-headed hydra
 13896 | Lair:5   | Reached XP level 13. HP: 131/131 MP: 12/12
 14047 | Lair:5   | HP: 2/131 [yak[a torpor snail] (11)]
 14174 | Lair:5   | Reached skill level 5 in Throwing
 14411 | Lair:5   | Reached XP level 14. HP: 140/140 MP: 13/13
 14847 | Lair:6   | Entered Level 6 of the Lair of Beasts
 14847 | Lair:6   | Noticed Rupert
 14873 | Lair:6   | Killed Rupert
 14873 | Lair:6   | Reached skill level 16 in Unarmed Combat
 15000 | Lair:6   | Found a dark tunnel.
 15005 | Volcano  | Entered a volcano
 15008 | Volcano  | Gained mutation: Your magical capacity is low. (-10% MP) [Ru sacrifice]
 15200 | Volcano  | Noticed a stone giant
 15201 | Volcano  | Found a radiant altar of Vehumet.
 15206 | Volcano  | Killed a stone giant
 15489 | Lair:6   | Reached skill level 10 in Dodging
 16081 | Lair:6   | Reached skill level 10 in Fighting
 16272 | Lair:6   | Reached XP level 15. HP: 90/149 MP: 12/12
 16622 | Lair:6   | Found a staircase to the Slime Pits.
 16634 | Lair:6   | Reached skill level 17 in Unarmed Combat
 16742 | Lair:6   | Gained mutation: You cannot be stealthy. [Ru sacrifice]
 17514 | D:12     | Found a staircase to the Orcish Mines.
 17590 | D:12     | Noticed a tengu reaver
 17597 | D:12     | Noticed a fire giant
 17601 | D:12     | Killed a tengu reaver
 17601 | D:12     | Reached skill level 1 in Armour
 17606 | D:12     | Killed a fire giant
 17610 | D:12     | Noticed a tengu reaver
 17618 | D:12     | Killed a tengu reaver
 17620 | D:12     | Mangled by a white very ugly thing

Skill      XL: |  1  2  3  4  5  6  7  8  9 10 11 12 13 14 15 |
---------------+----------------------------------------------+-----
Unarmed Combat | 4 6 7 8 9 11 12 14 15 16 17 | 17.4
Fighting       | 3 4 5 7 8 9 10 | 10.5
Dodging        | 3 4 6 7 8 9 10 | 10.8
Throwing       | 2 4 8 9 |  9.8
Stealth        | 0 |  0.0
Armour         | 1 |  1.2

Action                   |  1- 3 |  4- 6 |  7- 9 | 10-12 | 13-15 || total
-------------------------+-------+-------+-------+-------+-------++-------
Melee: Unarmed           |   108 |    99 |   229 |   646 |   570 ||  1652
       Punch             |     1 |     3 |     8 |     6 |       ||    18
Throw: Large rock        |       |       |       |     8 |     3 ||    11
       Javelin           |       |       |       |       |     2 ||     2
       Tomahawk          |       |       |       |       |    23 ||    23
Invok: Reject Sacrifices |       |     1 |       |     1 |       ||     2
       Sacrifice Drink   |       |       |       |     1 |       ||     1
       Power Leap        |       |       |       |     2 |     6 ||     8
       Sacrifice Arcana  |       |       |       |     1 |       ||     1
       Sacrifice a Hand  |       |       |       |     1 |       ||     1
       Apocalypse        |       |       |       |       |     4 ||     4
       Sacrifice Essence |       |       |       |       |     1 ||     1
       Sacrifice Stealth |       |       |       |       |     1 ||     1
 Abil: Evoke Berserk Rag |       |       |       |     3 |       ||     3
Evoke: Wand              |       |       |       |     7 |     2 ||     9
  Use: Potion            |     4 |     3 |     4 |     3 |     3 ||    17
       Scroll            |       |    12 |     5 |    12 |     2 ||    31
 Stab: Sleeping          |     2 |     2 |     2 |     7 |       ||    13
       Paralysed         |       |       |       |     5 |     2 ||     7
       Invisible         |       |       |       |     5 |    15 ||    20
       Distracted        |       |       |       |     1 |     2 ||     3
       Confused          |       |       |       |       |     2 ||     2
  Eat: Chunk             |     5 |    17 |    32 |    78 |    37 ||   169
       Royal jelly       |       |     2 |       |       |       ||     2
Armor: Robe              |    49 |    20 |    81 |    56 |       ||   206
       Troll leather arm |       |       |       |    61 |   101 ||   162
       Acid dragon scale |       |       |       |       |     5 ||     5
Dodge: Dodged            |    76 |    57 |   134 |   335 |   334 ||   936
       Deflected         |       |       |     2 |     8 |       ||    10
